 Dungeon Crawl Stone Soup version 0.31.0-11-ge490571c62 (webtiles) character file.

Game seed: 13010549549085881422

13017 immersed the Unseen (level 12, -16/64 HPs)
             Began as a Kobold Brigand on Feb 5, 2024.
             Was an Elder of Wu Jian.
             Killed from afar by a kobold blastminer (27 damage)
             ... with an iron shot
             ... on level 2 of the Orcish Mines on Feb 7, 2024.
             The game lasted 01:52:56 (13706 turns).

immersed the Unseen (Kobold Brigand)               Turns: 13706, Time: 01:52:57

Health: -16/64     AC:  9    Str: 10    XL:     12   Next: 27%
Magic:  12/12      EV: 24    Int: 12    God:    Wu Jian [****..]
Gold:   689        SH:  0    Dex: 27    Spells: 11/11 levels left

rFire   + . .        a - +9 dagger
rCold   . . .        (no shield)
rNeg    . . .        x - +3 leather armour {rPois}
rPois   +            (no helmet)
rElec   +            w - scarf {harm}
rCorr   .            l - +0 pair of gloves "Xoschecw" {rElec rF+ Dex+7}
SInv    +            c - +1 pair of boots
Will    .....        F - amulet of regeneration
Stlth   +++++++++    y - +5 ring of evasion
HPRegen 1.10/turn    m - ring of see invisible
MPRegen 0.13/turn

%: harm (+30% outgoing, +20% incoming)
@: no status effects
A: small, no large weapons, nightstalker 3
a: Renounce Religion, Wall Jump, Serpent's Lash


You were on level 2 of the Orcish Mines.
You worshipped Wu Jian.
Wu Jian was greatly pleased with you.
You visited 3 branches of the dungeon, and saw 13 of its levels.

You collected 994 gold pieces.
You spent 305 gold pieces at shops.

Inventory:

Hand Weapons
 a - a +9 dagger (weapon)
Missiles
 d - 28 poisoned darts (quivered)
 e - 10 curare-tipped darts
 E - 4 throwing nets
Armour
 c - a +1 pair of boots (worn)
 l - the +0 pair of gloves "Xoschecw" (worn) {rElec rF+ Dex+7}
   (You acquired it on level 9 of the Dungeon)

   Dex+7:     It affects your dexterity (+7).
   rF+:       It protects you from fire.
   rElec:     It insulates you from electricity.
 w - a scarf of harm (worn)
 x - a +3 leather armour of poison resistance (worn)
Jewellery
 m - a ring of see invisible (right hand)
 y - a +5 ring of evasion (left hand)
 A - a ring of flight
 C - a ring of poison resistance
 F - an amulet of regeneration (around neck)
 I - a ring of wizardry
Wands
 g - a wand of mindburst (10)
 q - a wand of paralysis (34)
 u - a wand of roots (19)
 v - a wand of flame (20)
Scrolls
 f - a scroll of fog {unknown}
 J - 2 scrolls of identify
Potions
 b - 2 potions of haste
 h - a potion of cancellation {unknown}
 j - a potion of heal wounds {unknown}
 k - 4 potions of brilliance
 n - 5 potions of ambrosia
 o - a potion of magic {unknown}
 s - 2 potions of mutation
 B - a potion of enlightenment {unknown}


   Skills:
 + Level 3.3 Fighting
 - Level 13.7 Short Blades
 - Level 2.1 Throwing
 + Level 5.6 Dodging
 * Level 20.8 Stealth


You had 11 spell levels left.
You didn't know any spells.
Your spell library contained the following spells:

 Spells                   Type           Power      Damage    Failure   Level
 Apportation              Tloc           0%         N/A       41%         1
 Foxfire                  Conj/Fire      0%         2x1d4     41%         1
 Magic Dart               Conj           0%         1d3       41%         1
 Necrotise                Necr           0%         1d4       41%         1
 Shock                    Conj/Air       0%         1d3       41%         1
 Sting                    Conj/Alch      0%         1d3       41%         1
 Summon Small Mammal      Summ           0%         N/A       41%         1
 Blink                    Tloc           0%         N/A       56%         2
 Call Imp                 Summ           0%         N/A       56%         2
 Lesser Beckoning         Tloc           0%         N/A       56%         2
 Gell's Gravitas          Tloc           0%         N/A       80%         3
 Swiftness                Air            0%         N/A       80%         3
 Teleport Other           Tloc           0%         N/A       80%         3
 Airstrike                Air            0%         2d(0-16)  99%         4
 Plasma Beam              Fire/Air       0%         2x1d10    100%        6
 Starburst                Conj/Fire      0%         6d3       100%        6


Dungeon Overview and Level Annotations

Branches:
Dungeon (10/15)            Temple (1/1) D:5             Orc (2/2) D:10
    Elf (0/3) Orc:2
   Lair: D:8-11

Altars:
Ashenzari
Cheibriados
Dithmenos
Elyvilon
Fedhas
Gozag
Hepliaklqana
Kikubaaqudgha
Makhleb
Nemelex Xobeh
Okawaru
Qazlal
Ru
Sif Muna
Trog
Uskayaw
Vehumet
Wu Jian
Xom
Yredelemnul
Zin
The Shining One

Shops:
D:7 [(:*

Annotations:
D:8 exclusion: statue
Orc:1 3 runed translucent doors, Rygut's ghost, journeyman DrFi


Innate Abilities, Weirdness & Mutations

You are small and have problems with some larger weapons.
You are completely attuned to the shadows.


Message History

The kobold blastminer barely misses you.
You completely miss the kobold blastminer.
The kobold blastminer is lightly wounded.
The kobold blastminer wields a +0 arbalest.
The kobold blastminer shoots a bolt.
The bolt hits you but does no damage.
You hit the kobold blastminer.
The kobold blastminer is moderately wounded.
The kobold blastminer hits you.
You spin and attack the kobold blastminer repeatedly.
You hit the kobold blastminer.
The kobold blastminer is moderately wounded.
You closely miss the kobold blastminer.
The kobold blastminer is moderately wounded.
The kobold blastminer blasts its cannon at you.
The iron shot hits you!!!
Ouch! That really hurt!
* * * LOW HITPOINT WARNING * * *
The kobold blastminer is knocked back by the blast.
The kobold blastminer barely misses you.
You are confused.
You feel invigorated.
The kobold blastminer hits you but does no damage.
The kobold blastminer shoots a bolt.
The bolt misses you.
The kobold blastminer wields a +0 orcbow.
The kobold blastminer shoots an arrow.
The arrow completely misses you.
The kobold blastminer shoots a bolt.
The bolt misses you.
You feel less invigorated.
You feel less confused.
The kobold blastminer unwields a +0 orcbow.
The kobold blastminer hits you.
* * * LOW HITPOINT WARNING * * *
You closely miss the kobold blastminer.
The kobold blastminer is moderately wounded.
You puncture the kobold blastminer!
The kobold blastminer is heavily wounded.
You barely miss the kobold blastminer.
The kobold blastminer is heavily wounded.
The kobold blastminer blasts its cannon at you.
The iron shot hits you!!
You die...

......#.....
......##.#..
..##.#####.. .####.#..
##.# #...... #..##
....... ##...###
....... #..K...##..
....... ###..@...#..
.....##
.........#.#.##........
............#.........#
..K.........#..........
....#..#....)..###.....
......#..).).# #.....
.#.####....#####....
.###........##.....
#)).......#......


You could see 2 kobold blastminers.

Vanquished Creatures
  Erolcha (D:10)
  4 two-headed ogres
  The ghost of becking the Chopper, a novice DjCA of Makhleb (D:6)
  Joseph (D:8)
  2 unseen horrors (D:10)
  A komodo dragon (D:9)
  A queen bee (D:10)
  2 trolls
  A hornet (D:8)
  11 yaks
  A warg (Orc:2)
  2 wyverns (D:9)
  An acid dragon (D:9)
  5 water moccasins
  9 orc warriors
  2 sky beasts (D:6)
  2 ice beasts
  6 ogres
  2 centaurs (D:8)
  A phantom (D:7)
  2 kobold brigands
  3 bullfrogs
  A scorpion (D:5)
  4 wights (D:10)
  26 killer bees
  A howler monkey (D:9)
  11 orc priests
  A bombardier beetle (D:6)
  2 gnoll boudas
  3 hounds
  3 iron imps (D:9)
  Jessica (D:3)
  4 iguanas
  A sleepcap (D:6)
  11 orc wizards
  18 gnolls
  3 adders
  A white imp (D:7)
  2 ufetubi (D:7)
  A dart slug (D:1)
  2 ribbon worms
  50 orcs
  5 ball pythons
  3 bats (D:2)
  3 endoplasms
  2 giant cockroaches (D:1)
  2 hobgoblins
  4 jackals (D:1)
  4 quokkas
  3 frilled lizards
  13 kobolds
  6 rats
252 creatures vanquished.

Notes
Turn   | Place    | Note
-------+----------+-------------------------------------------
     0 | D:1      | immersed the Kobold Brigand began the quest for the Orb.
     0 | D:1      | Reached XP level 1. HP: 12/12 MP: 1/1
   185 | D:1      | Reached XP level 2. HP: 17/17 MP: 2/2
   285 | D:1      | Reached skill level 6 in Stealth
   660 | D:2      | Reached XP level 3. HP: 21/21 MP: 3/3
  1806 | D:3      | Found a faded altar of an unknown god.
  1809 | D:3      | Noticed Jessica
  1829 | D:3      | Killed Jessica
  1830 | D:3      | Reached skill level 7 in Stealth
  1830 | D:3      | Reached XP level 4. HP: 26/26 MP: 4/4
  2102 | D:3      | Found a basalt altar of Yredelemnul.
  2943 | D:4      | Reached XP level 5. HP: 23/30 MP: 5/5
  2970 | D:4      | Reached skill level 8 in Stealth
  3421 | D:4      | Reached XP level 6. HP: 18/35 MP: 6/6
  3535 | D:4      | Found a sacrificial altar of Ru.
  3546 | D:5      | Entered Level 5 of the Dungeon
  3663 | D:5      | Noticed an ice beast
  3671 | D:5      | Noticed a water moccasin
  3686 | D:4      | Found a snail-covered altar of Cheibriados.
  3686 | D:4      | Found an iron altar of Okawaru.
  3738 | D:5      | Reached skill level 5 in Short Blades
  3760 | D:5      | Killed an ice beast
  3761 | D:5      | Reached skill level 9 in Stealth
  3831 | D:5      | Killed a water moccasin
  3832 | D:5      | Reached XP level 7. HP: 40/40 MP: 7/7
  3881 | D:5      | Noticed a water moccasin
  3883 | D:5      | Killed a water moccasin
  3884 | D:5      | Reached skill level 10 in Stealth
  4492 | D:5      | Found a staircase to the Ecumenical Temple.
  4498 | Temple   | Entered the Ecumenical Temple
  4602 | Temple   | Became a worshipper of the Wu Jian Council
  5246 | D:6      | Found a bloodstained altar of Trog.
  5398 | D:6      | Noticed a two-headed ogre
  5418 | D:6      | Reached skill level 11 in Stealth
  5418 | D:6      | Reached XP level 8. HP: 44/44 MP: 8/8
  5464 | D:6      | Killed a two-headed ogre
  5465 | D:6      | Reached skill level 12 in Stealth
  5493 | D:6      | Reached skill level 13 in Stealth
  5493 | D:6      | Reached XP level 9. HP: 48/48 MP: 9/9
  5501 | D:6      | Found a runed translucent gate.
  5501 | D:6      | Found a runed translucent gate.
  5501 | D:6      | Found a runed translucent gate.
  6244 | D:6      | Reached skill level 14 in Stealth
  6448 | D:6      | Noticed becking's ghost (novice DjCA)
  6879 | D:7      | Found Rajotwig's Book Boutique.
  6910 | D:7      | Found Kuic Bivo's Antique Armour Emporium.
  6915 | D:7      | Bought a runed leather armour for 95 gold pieces
  6994 | D:7      | Found a broken altar of Ashenzari.
  7084 | D:7      | Found Boschybru's Antique Weapon Emporium.
  7299 | D:7      | Found Adecos's General Store.
  7304 | D:7      | Bought a scroll of enchant weapon for 105 gold pieces
  7372 | D:8      | Noticed a hornet
  7425 | D:8      | Noticed a two-headed ogre
  7429 | D:8      | Killed a two-headed ogre
  7430 | D:8      | Reached skill level 10 in Short Blades
  7430 | D:8      | Reached skill level 15 in Stealth
  7430 | D:8      | Reached XP level 10. HP: 53/53 MP: 10/10
  7432 | D:8      | Reached * piety under Wu Jian
  7438 | D:8      | Reached skill level 16 in Stealth
  7540 | D:8      | Noticed Joseph
  7626 | D:8      | Found a shadowy altar of Dithmenos.
  7694 | D:8      | Found a radiant altar of Vehumet.
  7762 | D:8      | Killed Joseph
  7809 | D:8      | Reached skill level 17 in Stealth
  8195 | D:8      | Reached ** piety under Wu Jian
  9160 | D:6      | Killed becking's ghost
  9613 | D:9      | Noticed a komodo dragon
  9672 | D:9      | Reached skill level 18 in Stealth
  9691 | D:9      | Killed a komodo dragon
  9692 | D:9      | Reached XP level 11. HP: 57/57 MP: 11/11
 10259 | D:9      | Reached skill level 19 in Stealth
 10401 | D:9      | Found a burning altar of Makhleb.
 10576 | D:9      | Identified a scroll of acquirement
 10576 | D:9      | Acquired the +0 pair of gloves "Xoschecw" {rElec rF+ Dex+7}
 10937 | D:10     | Entered Level 10 of the Dungeon
 11002 | D:10     | Noticed Erolcha
 11197 | D:10     | Noticed a two-headed ogre
 11273 | D:10     | Found a hide-covered altar of Uskayaw.
 11385 | D:10     | Found a staircase to the Orcish Mines.
 11432 | D:10     | Killed a two-headed ogre
 11432 | D:10     | Reached *** piety under Wu Jian
 11772 | D:10     | Reached skill level 20 in Stealth
 12062 | D:10     | Killed Erolcha
 12288 | Orc:1    | Entered Level 1 of the Orcish Mines
 12349 | Orc:1    | Reached XP level 12. HP: 31/62 MP: 12/12
 12357 | Orc:1    | Reached **** piety under Wu Jian
 12535 | Orc:1    | Found a runed translucent gate.
 12535 | Orc:1    | Found a runed translucent gate.
 12535 | Orc:1    | Found a runed translucent gate.
 12639 | Orc:1    | Identified the +5 chain mail of Buutui {*Corrode +Blink
                  | rC++}
 12639 | Orc:1    | Noticed an orc warlord
 12649 | Orc:2    | Entered Level 2 of the Orcish Mines
 12649 | Orc:2    | Found a staircase to the Elven Halls.
 12812 | D:7      | Bought a scroll of enchant weapon for 105 gold pieces
 12994 | Orc:1    | Noticed an orc high priest
 12994 | Orc:1    | Identified the +4 broad axe of Ebelaac {holy, ^Fragile
                  | rElec rN+ Int+3}
 13269 | Orc:1    | Noticed Rygut's ghost (journeyman DrFi)
 13344 | Orc:2    | Reached skill level 5 in Dodging
 13492 | Orc:2    | Noticed a two-headed ogre
 13492 | Orc:2    | Noticed a two-headed ogre
 13493 | Orc:2    | Noticed a two-headed ogre
 13494 | Orc:2    | Noticed a two-headed ogre
 13494 | Orc:2    | Killed a two-headed ogre
 13494 | Orc:2    | Noticed a two-headed ogre
 13495 | Orc:2    | Noticed a two-headed ogre
 13507 | Orc:2    | Noticed a two-headed ogre
 13700 | Orc:2    | HP: 1/64 [kobold blastminer/iron shot (46)]
 13706 | Orc:2    | Killed from afar by a kobold blastminer

Illustrated notes

Levels and vault maps discovered:
D:1:      dpeg_arrival_oval, layout_basic
D:2:      layout_loops_ring
D:3:      layout_basic, marbit_many_paths,
          hellmonk_ecumenical_altar_arch_garden, uniq_jessica
D:4:      layout_cave_pools, nicolae_ru_path_of_blood,
          nicolae_overflow_hidden_temple, minmay_misc_feat_room
D:5:      layout_gridville, lemuel_temple_firewalk_b
D:6:      layout_basic, lightli_temple_of_fire, ebering_ghost_rock_garden
D:7:      layout_gridville, ashenzari_altar_1, serial_shops,
          nicolae_book_shop_shelving, nicolae_shop_tiny_statue_garden, shop,
          nicolae_shop_rolling_square, grunt_ogre_cave
D:8:      layout_loops_ring, vehumet_statue,
          mainiacjoe_overflow_concentric_impassable, special_room
          [special_room_orc], uniq_joseph
D:9:      layout_stronghold, demons_altar
D:10:     layout_cave_pools, nicolae_uskayaw_dance_studio, orc_0_dummy,
          special_room [special_room_bee], grunt_ministairs_11,
          chequers_serial_rivers_micro_e, uniq_erolcha
Temple:   hellmonk_temple_flake
Orc:1:    layout_diamond_mine, basic_altar, serial_shops,
          biasface_ghost_orc_armoury, minmay_orc_temple_a
Orc:2:    st_orc_ogre_mass, layout_diamond_mine, basic_altar, serial_shops,
          nicolae_shop_pleasant_corner_grove, ebering_ghost_rock_garden

Skill      XL: |  1  2  3  4  5  6  7  8  9 10 11 12 |
---------------+-------------------------------------+-----
Short Blades   | 3 4 5 6 8 10 12 13 | 13.7
Stealth        | 6 7 8 9 11 13 15 18 20 | 20.8
Dodging        | 4 5 |  5.6
Fighting       | 3 |  3.3
Throwing       | |  2.1

Action                     |  1- 3 |  4- 6 |  7- 9 | 10-12 || total
---------------------------+-------+-------+-------+-------++-------
  Melee: Dagger            |    71 |   118 |   131 |   486 ||   806
         Punch             |       |     4 |     3 |     3 ||    10
   Fire: Sling             |       |     5 |       |       ||     5
Ability: Lunge             |       |       |    17 |    46 ||    63
         Whirlwind         |       |       |       |    14 ||    14
  Evoke: Wand              |       |       |     1 |    15 ||    16
    Use: Scroll            |       |    12 |     9 |    17 ||    38
         Potion            |       |     3 |     3 |    12 ||    18
   Stab: Sleeping          |    18 |    11 |    23 |    42 ||    94
         Distracted        |     1 |       |     2 |     4 ||     7
         Paralysed         |       |       |       |     5 ||     5
         Invisible         |       |       |       |     3 ||     3
 Armour: Robe              |    12 |       |       |       ||    12
         Leather armour    |     9 |    38 |    30 |   110 ||   187
         Skin              |       |       |     4 |    32 ||    36
  Dodge: Dodged            |    40 |    86 |    40 |   276 ||   442
         Form:             |       |       |     1 |     2 ||     3
         Beast             |       |       |     1 |     1 ||     2
         Blade             |       |       |     1 |       ||     1
